 Dungeon Crawl Stone Soup version 0.23.0 (webtiles) character file.

Game seed: 6584593025785409795

9919 Folque the Geomancer (level 11, -7/83 HPs)
             Began as a Green Draconian Earth Elementalist on Feb 12, 2019.
             Was a Priest of Sif Muna.
             Mangled by a white ugly thing (20 damage)
             ... on level 11 of the Dungeon.
             The game lasted 00:53:50 (14349 turns).

Folque the Geomancer (DrEE)                        Turns: 14349, Time: 00:53:51

Health: -7/83      AC: 11    Str: 10    XL:     11   Next: 29%
Magic:  0/20       EV: 15    Int: 20    God:    Sif Muna [***...]
Gold:   467        SH:  2    Dex: 11    Spells: 2/22 levels left

rFire    . . .     SeeInvis .   w - +0 dagger (elec)
rCold    . . .     Gourm    .   (no shield)
rNeg     . . .     Faith    .   (armour unavailable)
rPois    +         Spirit   .   (helmet restricted)
rElec    .         Reflect  +   H - +0 cloak
rCorr    .         Harm     .   (no gloves)
MR       .....                  (no boots)
Stlth    ++........             n - +2 amulet of reflection
HPRegen  0.23/turn              l - +3 ring of protection
MPRegen  0.17/turn              (no ring)

@: short of breath, hasted, divine energy, very quick
A: breathe noxious fumes, unfitting armour, poison resistance, cold-blooded, AC
+7
a: Breathe Noxious Fumes, Stop Divine Energy, Channel Magic, Renounce Religion


You were on level 11 of the Dungeon.
You worshipped Sif Muna.
Sif Muna was most pleased with you.
You were hungry.

You visited 2 branches of the dungeon, and saw 12 of its levels.
You also visited: Sewer.

You collected 467 gold pieces.

Inventory:

Hand Weapons
 e - a +0 dagger
 t - a +3 falchion
 w - a +0 dagger of electrocution (weapon)
 y - a +0 short sword of speed
Missiles
 b - 155 stones (quivered)
 x - 6 throwing nets
Armour
 H - a +0 cloak (worn)
 J - a +0 cloak
Jewellery
 l - a +3 ring of protection (left hand)
 n - a +2 amulet of reflection (around neck)
 z - an uncursed amulet of the acrobat {unknown}
 K - an uncursed ring of magical power {unknown}
Wands
 g - a wand of polymorph (8)
 I - a wand of enslavement (12)
Scrolls
 a - 9 scrolls of identify
 d - 2 scrolls of noise {unknown}
 i - 2 scrolls of fog
 j - 3 scrolls of amnesia
 m - 3 scrolls of fear {unknown}
 u - 2 scrolls of enchant armour {unknown}
 A - 2 scrolls of magic mapping {unknown}
 B - 2 scrolls of remove curse {unknown}
 C - 2 scrolls of immolation {unknown}
 D - a scroll of enchant weapon {unknown}
 F - a scroll of silence {unknown}
 L - a scroll of random uselessness {unknown}
 N - a scroll of blinking {unknown}
Potions
 f - a potion of degeneration {unknown}
 h - 4 potions of might {unknown}
 k - 3 potions of lignification {unknown}
 o - 2 potions of brilliance {unknown}
 p - 2 potions of cancellation {unknown}
 q - 9 potions of curing
 r - a potion of berserk rage {unknown}
 s - a potion of haste
 v - 3 potions of flight {unknown}
 G - 2 potions of agility {unknown}
 M - a potion of mutation {unknown}
 O - a potion of invisibility {unknown}
Comestibles
 c - 17 rations


   Skills:
 * Level 3.8 Fighting
 - Level 4.0(4.3) Short Blades
 - Level 2.2(3.4) Long Blades
 + Level 6.5 Dodging
 - Level 4.0 Stealth
 - Level 6.0 Spellcasting
 - Level 6.0 Conjurations
 + Level 4.1 Transmutations
 * Level 8.2 Earth Magic
 - Level 7.0 Poison Magic
 - Level 6.0 Invocations


You had 2 spell levels left.
You knew the following spells:

 Your Spells              Type           Power        Failure   Level  Hunger
a - Sandblast             Erth           #####.       1%          1    None
b - Passwall              Tmut/Erth      ####....     1%          2    None
c - Stone Arrow           Conj/Erth      ####..       1%          3    ##.....
d - Lee's Rapid Deconstr  Erth           #####.....   10%         5    #####..
e - Petrify               Tmut/Erth      ####....     9%          4    ####...
f - Venom Bolt            Conj/Pois      ####......   21%         5    #####..

Your spell library contained the following spells:

 Spells                   Type           Power        Failure   Level  Hunger
 Magic Dart               Conj           ####         1%          1    None
 Sting                    Conj/Pois      ####         1%          1    None
 Searing Ray              Conj           ####..       1%          2    None
 Poisonous Vapours        Pois/Air       ###...       3%          2    None
 Corona                   Hex            #......      11%         1    None
 Ensorcelled Hibernation  Hex/Ice        #.....       16%         2    None
 Mephitic Cloud           Conj/Pois/Air  ###.....     5%          3    ##.....
 Olgreb's Toxic Radiance  Pois           ####....     5%          4    ####...
 Conjure Flame            Conj/Fire      ###.....     9%          3    ##.....
 Dazzling Spray           Conj/Hex       ###...       9%          3    ##.....
 Iskenderun's Mystic Bla  Conj           ####....     9%          4    ####...
 Confuse                  Hex            #.......     30%         3    ##.....
 Tukima's Dance           Hex            #.......     30%         3    ##.....
 Force Lance              Conj/Tloc      ###.....     30%         4    ####...
 Fulminant Prism          Conj/Hex       ###.......   30%         4    ####...
 Irradiate                Conj/Tmut      ####......   34%         5    #####..
 Statue Form              Tmut/Erth      ####.....    77%         6    #######
 Hydra Form               Tmut           ###.......   96%         6    #######
 Freezing Cloud           Conj/Ice/Air   ##........   100%        6    #######
 Dragon Form              Tmut           ###.......   100%        7    #######
 Ring of Flames           Chrm/Fire      #.........   100%        7    #######


Dungeon Overview and Level Annotations

Branches:
Dungeon (11/15)            Temple (1/1) D:4            Lair (0/6) D:11
    Orc (0/2) D:10

Altars:
Ashenzari
Cheibriados
Dithmenos
Elyvilon
Fedhas
Gozag
Hepliaklqana
Kikubaaqudgha
Makhleb
Nemelex Xobeh
Okawaru
Qazlal
Ru
Sif Muna
Trog
Uskayaw
Vehumet
Wu Jian
Xom
Yredelemnul
Zin
The Shining One

Shops:
D:4 =

Annotations:
D:6 2 transporters, tv1990's ghost, novice FoMo


Innate Abilities, Weirdness & Mutations

You can breathe blasts of noxious fumes.
Your lurid green scales are hard. (AC +7)
You cannot fit into any form of body armour.
Your system is resistant to poisons. (rPois)
You are cold-blooded and may be slowed by cold attacks.


Message History

Aim: a white ugly thing (heavily wounded)
You exhale a blast of noxious fumes.
The blast of choking fumes hits the white ugly thing.
The white ugly thing is heavily wounded.
You feel somewhat more hungry.
The white ugly thing is engulfed in noxious fumes.
The white ugly thing engulfs you! The white ugly thing freezes you!!
* * * LOW HITPOINT WARNING * * *
The white ugly thing is engulfed in noxious fumes.
Casting: Petrify (safe; 9% risk of failure)
Confirm with . or Enter, or press ? or * to list all spells.
Aiming: Petrify (safe; 9% risk of failure)
Press: ? - help, Shift-Dir - straight line, f/p - white ugly thing
Aim: a white ugly thing (heavily wounded, chance to defeat MR: 41%)
The white ugly thing resists with some effort.
The white ugly thing closely misses you.
You feel yourself speed up. The white ugly thing engulfs you.
* * * LOW HITPOINT WARNING * * *
The white ugly thing freezes you!!
You die...

#########.....# ###.... ###
##.... ####.### ##..<..
.......## ##...... ####....##
#### ##...####
##....######..### ##...## #
#..............#####...##
##...........@u...#..T.##
##...##....#####....T..##
#...####..## ##......#
########### ######## #..##
###.## ######### ###.####
##.#..###.#.....#
##....####........##..#####
#.####.#......#......## #.# #
###########.............#.###..


You could see a white ugly thing and a troll.

Vanquished Creatures
  Harold (D:10)
  A two-headed ogre (D:11)
  An unseen horror (D:11)
  2 ugly things
  A komodo dragon (D:11)
  A troll (D:9)
  3 hippogriffs
  6 yaks (D:9)
  2 wyverns (D:11)
  A steam dragon (D:10)
  A hungry ghost (D:7)
  A water moccasin (D:7)
  An acid dragon (D:11)
  3 orc warriors
  2 necrophages
  2 hornet zombies
  A sky beast (D:11)
  3 phantoms
  4 ogres
  3 centaurs
  3 crocodiles (D:11)
  2 big kobolds (Sewer)
  Blork the orc (D:6)
  4 bullfrogs
  5 scorpions
  5 killer bees (D:9)
  4 wights (D:9)
  10 crimson imps
  2 centaur zombies
  6 hounds
  2 jellies
  7 orc priests
  2 centaur skeletons
  A gnoll shaman (D:8)
  4 iguanas
  Terence (D:3)
  8 orc wizards
  4 worker ants
  2 hound zombies
  3 worker ant zombies
  7 gnolls
  A howler monkey skeleton (D:6)
  11 adders
  2 river rats (D:3)
  A shadow imp (D:11)
  2 oozes (Sewer)
  2 adder zombies
  2 adder skeletons
  3 worms
  2 dart slugs
  7 leopard geckos
  30 orcs
  7 giant cockroaches
  5 goblins
  7 hobgoblins
  10 jackals
  A quokka (D:3)
  4 ball pythons
  7 bats
  6 frilled lizards
  15 kobolds
  7 rats
255 creatures vanquished.

Notes
Turn   | Place    | Note
-------+----------+-------------------------------------------
     0 | D:1      | Folque the Draconian Earth Elementalist began the quest for
                  | the Orb.
     0 | D:1      | Reached XP level 1. HP: 14/14 MP: 3/3
   289 | D:1      | Reached skill level 1 in Fighting
   295 | D:1      | Reached XP level 2. HP: 22/23 MP: 5/5
  1029 | D:2      | Reached XP level 3. HP: 27/29 MP: 3/6
  1041 | D:2      | Learned a level 2 spell: Passwall
  1045 | D:2      | Learned a level 3 spell: Stone Arrow
  1622 | D:2      | Found an iron altar of Okawaru.
  2367 | D:3      | Reached XP level 4. HP: 36/36 MP: 3/8
  2442 | D:3      | Found a glowing drain.
  2446 | Sewer    | Entered a sewer
  2761 | Sewer    | Noticed a big kobold
  2786 | Sewer    | Killed a big kobold
  2786 | Sewer    | Reached skill level 4 in Earth Magic
  2786 | Sewer    | Reached XP level 5. HP: 19/41 MP: 0/10
  2793 | Sewer    | Learned a level 5 spell: Lee's Rapid Deconstruction
  3215 | D:3      | Reached XP level 6. HP: 48/48 MP: 4/12
  3412 | D:3      | Noticed Terence
  3422 | D:3      | Killed Terence
  3422 | D:3      | Reached skill level 5 in Earth Magic
  3505 | D:3      | Found a bloodstained altar of Trog.
  3564 | D:4      | Found a staircase to the Ecumenical Temple.
  3881 | D:4      | Reached skill level 5 in Spellcasting
  4142 | D:4      | Found Nudul's Jewellery Boutique.
  4161 | D:4      | Your scales start taking on a lurid green colour.
  4161 | D:4      | Reached XP level 7. HP: 55/55 MP: 7/14
  4161 | D:4      | Gained mutation: Your system is resistant to poisons.
                  | (rPois) [Green Draconian growth]
  4315 | Temple   | Entered the Ecumenical Temple
  4393 | Temple   | Became a worshipper of Sif Muna the Loreminder
  4498 | D:4      | Learned a level 4 spell: Petrify
  4902 | D:5      | Entered Level 5 of the Dungeon
  5839 | D:6      | Reached skill level 6 in Earth Magic
  5858 | D:7      | Reached * piety under Sif Muna
  6117 | D:6      | Noticed tv1990's ghost (novice FoMo)
  6278 | D:6      | Reached XP level 8. HP: 61/61 MP: 8/16
  6352 | D:6      | Found a transporter.
  6355 | D:6      | Found a transporter.
  6795 | D:6      | Noticed Blork the orc
  6812 | D:6      | Killed Blork the orc
  7206 | D:7      | Reached skill level 1 in Short Blades
  7351 | D:7      | Reached ** piety under Sif Muna
  7351 | D:7      | Reached skill level 7 in Earth Magic
  7780 | D:8      | Found a shadowy altar of Dithmenos.
  7780 | D:8      | Found a burning altar of Makhleb.
  7780 | D:8      | Found a white marble altar of Elyvilon.
  7944 | D:8      | Reached XP level 9. HP: 63/67 MP: 0/18
  8164 | D:8      | Reached skill level 1 in Conjurations
  8164 | D:8      | Reached skill level 1 in Invocations
  8368 | D:8      | Reached skill level 8 in Earth Magic
  8710 | D:8      | Found a shattered altar of Ashenzari.
  8717 | D:8      | Found a glowing silver altar of Zin.
  8722 | D:8      | Found a shimmering altar of Xom.
  8729 | D:8      | Found a radiant altar of Vehumet.
  8734 | D:8      | Found a bloodstained altar of Trog.
  8745 | D:8      | Found a hide-covered altar of Uskayaw.
  8752 | D:8      | Found a sparkling altar of Nemelex Xobeh.
  8821 | D:9      | Noticed a troll
  8833 | D:9      | Killed a troll
  8833 | D:9      | Reached skill level 1 in Long Blades
  8866 | D:9      | Learned a level 5 spell: Venom Bolt
  9020 | D:9      | Found an ornate altar of the Wu Jian Council.
  9870 | D:9      | Noticed a cyan ugly thing
  9889 | D:9      | Killed a cyan ugly thing
  9889 | D:9      | Reached *** piety under Sif Muna
  9889 | D:9      | Reached skill level 1 in Poison Magic
  9889 | D:9      | Reached XP level 10. HP: 72/72 MP: 11/19
 10408 | D:9      | Found a hazy altar of Hepliaklqana.
 10466 | D:9      | Reached skill level 5 in Dodging
 10830 | D:10     | Entered Level 10 of the Dungeon
 11003 | D:10     | Reached skill level 5 in Conjurations
 11179 | D:10     | Found a staircase to the Orcish Mines.
 11239 | D:10     | Reached skill level 5 in Invocations
 11249 | D:10     | Reached skill level 5 in Poison Magic
 11467 | D:10     | Noticed Harold
 11598 | D:10     | Killed Harold
 12438 | D:11     | Killed an unseen horror
 12438 | D:11     | Reached XP level 11. HP: 42/80 MP: 0/20
 12647 | D:11     | Noticed a green ugly thing
 12980 | D:11     | Reached **** piety under Sif Muna
 13331 | D:11     | Found a staircase to the Lair.
 13537 | D:11     | Noticed a two-headed ogre
 13564 | D:11     | Killed a green ugly thing
 13628 | D:11     | Killed a two-headed ogre
 13936 | D:11     | Noticed a white ugly thing
 14349 | D:11     | Mangled by a white ugly thing

Skill      XL: |  1  2  3  4  5  6  7  8  9 10 11 |
---------------+----------------------------------+-----
Fighting       | 1 2 3 |  3.8
Spellcasting   | 3 4 5 6 |  6.0
Earth Magic    | 4 5 6 7 8 |  8.2
Dodging        | 2 3 4 6 |  6.5
Transmutations | 4 |  4.1
Stealth        | 2 4 |  4.0
Short Blades   | 2 4 |  4.0
Conjurations   | 4 5 6 |  6.0
Invocations    | 4 5 6 |  6.0
Long Blades    | 1 2 |  2.2
Poison Magic   | 1 6 7 |  7.0

Action                   |  1- 3 |  4- 6 |  7- 9 | 10-12 || total
-------------------------+-------+-------+-------+-------++-------
Melee: Dagger            |   154 |       |    21 |    68 ||   243
       Unarmed           |    17 |       |       |       ||    17
       Tailslap          |    16 |    13 |    26 |    18 ||    73
       Falchion          |     2 |   135 |   134 |    88 ||   359
       Short sword       |       |       |     9 |       ||     9
 Cast: Sandblast         |     7 |    18 |    36 |    28 ||    89
       Stone Arrow       |     9 |    26 |   102 |    46 ||   183
       Petrify           |       |       |    18 |    50 ||    68
       Passwall          |       |       |     5 |     4 ||     9
       Lee's Rapid Decon |       |       |     8 |    19 ||    27
       Venom Bolt        |       |       |       |     2 ||     2
Invok: Divine Energy     |       |       |     1 |       ||     1
       Channel Magic     |       |       |       |     1 ||     1
 Abil: Breathe Noxious F |       |       |     1 |     5 ||     6
  Use: Scroll            |       |     6 |       |     4 ||    10
       Potion            |       |       |     2 |     8 ||    10
 Stab: Sleeping          |     6 |     1 |     2 |     2 ||    11
       Petrified         |       |       |    23 |    30 ||    53
       Petrifying        |       |       |     1 |       ||     1
  Eat: Chunk             |     6 |     5 |    15 |    13 ||    39
       Ration            |       |     1 |     5 |     5 ||    11
Armor: Skin              |    54 |    47 |    98 |    77 ||   276
Dodge: Dodged            |   120 |   105 |   174 |   131 ||   530
Block: Other             |     1 |     6 |    15 |    15 ||    37
       Rpst.: Falchion   |       |    33 |    48 |    24 ||   105
